 Dungeon Sprint DCSS version 0.30-a0-777-ga9a30cbeda (webtiles) character file.

Game seed: 151989008266206602

6832 Hubris850 the End of an Era (level 11, -1/94 HPs)
             Began as a Hill Orc Fighter on Feb 13, 2023.
             Was the Champion of Qazlal.
             Slain by a war gargoyle
             ... wielding a +0 morningstar
              (6 damage)
             ... in the Dungeon (Sprint V: "Ziggurat Sprint").
             The game lasted 00:10:10 (948 turns).

Hubris850 the End of an Era (Hill Orc Fighter)       Turns: 948, Time: 00:10:11

Health: -1/94      AC: 34    Str: 30    XL:     11   Next: 5%
Magic:  15/23      EV:  0    Int: 12    God:    Qazlal [******]
Gold:   0          SH: 39    Dex: 15    Spells: 10/10 levels left

rFire   + . .      SeeInvis +    a - +0 war axe
rCold   + . .      Faith    .    I - +18 shield of the Gong {Loud rN+ Will+ rCorr EV-5}
rNeg    + . .      Spirit   .    m - +5 gold dragon scales
rPois   +          Reflect  .    U - +2 hat of the Monkey {Harm Str-2 Dex+2}
rElec   .          Harm     +    T - +0 cloak {rPois}
rCorr   +          Rampage  .    N - +2 pair of gloves {hurl}
Will    +....      NoTele   +    (no boots) Stlth
                                 (no amulet)
HPRegen 0.00/turn                E - +6 ring of strength
MPRegen 0.18/turn                L - ring "Relaseit" {Str+3 Dex+4 SInv Stlth-}

@: protected from physical damage, inhibited regen, studying Long Blades, repel
missiles
A: clever 1, inhibited regeneration
a: Renounce Religion, Upheaval, Elemental Force, Disaster Area


You were in the Dungeon.
You worshipped Qazlal.
Qazlal was exalted by your worship.
You visited 1 branch

Inventory:

Hand Weapons
 a - a +0 war axe (weapon)
 H - the +16 obsidian axe {drain, demonic, Mesm Drain Fly SInv}
   (You found it in the Dungeon)

   Mesm:      Its wielder is mesmerised by any visible foes, and it cannot be
   unequipped while any foes are visible.
   SInv:      It lets you see invisible.
   Fly:       It grants you flight.
   Drain:     It drains your maximum health when unequipped.
 J - the +7 great mace "Firestarter" {flame, inner flame, rFlCloud rF++}
   (You found it in the Dungeon)

   rFlCloud:  It grants immunity to clouds of flame.
   rF:        It greatly protects you from fire.
 K - the +8 lance "Wyrmbane" {slay drac, rPois rF+ rC+ AC+3}
   (You found it in the Dungeon)

   AC:        It affects your AC (+3).
   rF:        It protects you from fire.
   rC:        It protects you from cold.
   rPois:     It protects you from poison.
Armour
 b - a +0 scale mail
 c - a +0 buckler
 k - a +5 crystal plate armour
 l - +5 fire dragon scales
 m - +5 gold dragon scales (worn)
 n - a +3 buckler
 o - a +3 kite shield
 I - the +18 shield of the Gong (worn) {Loud rN+ Will+ rCorr EV-5}
   (You found it in the Dungeon)

   Loud:      It is deafeningly noisy when blocking attacks.
   EV:        It affects your evasion (-5).
   rN:        It protects you from negative energy.
   rCorr:     It protects you from acid and corrosion.
   Will:      It increases your willpower.
 N - a +2 pair of gloves of hurling (worn)
 T - a +0 cloak of poison resistance (worn)
 U - the +2 hat of the Monkey (worn) {Harm Str-2 Dex+2}
   (You found it in the Dungeon)

   Str:       It affects your strength (-2).
   Dex:       It affects your dexterity (+2).
   Harm:      It increases damage dealt and taken.
Jewellery
 z - a ring of flight
 A - a +6 ring of dexterity
 B - a +6 ring of dexterity
 C - a +6 ring of intelligence
 D - a +6 ring of intelligence
 E - a +6 ring of strength (left hand)
 F - a +6 ring of strength
 L - the ring "Relaseit" (right hand) {Str+3 Dex+4 SInv Stlth-}
   (You found it in the Dungeon)

   [ring of see invisible]

   Str:       It affects your strength (+3).
   Dex:       It affects your dexterity (+4).
   SInv:      It lets you see invisible.
   Stlth:     It makes you less stealthy.
 S - a ring of protection from fire
Wands
 x - a wand of mindburst (7)
 y - a wand of acid (7)
 Q - a wand of roots (9)
Scrolls
 j - 4 scrolls of blinking
 p - 4 scrolls of amnesia
 q - 9 scrolls of fog
 r - 2 scrolls of identify
 s - 2 scrolls of fear
 M - 4 scrolls of enchant weapon
 R - a scroll of brand weapon
Potions
 d - 10 potions of might
 e - 7 potions of curing
 f - 10 potions of heal wounds
 g - 10 potions of haste
 h - 7 potions of magic
 i - 2 potions of berserk rage
 t - 2 potions of brilliance
 u - 2 potions of invisibility
 v - 4 potions of resistance
 O - a potion of flight
 P - a potion of lignification
Miscellaneous
 w - a condenser vane (inert)
 G - a lightning rod (4/4)


   Skills:
 + Level 7.8 Fighting
 - Level 16.0 Axes
 + Level 13.4 Armour
 - Level 13.8 Shields
 + Level 17.3 Invocations
 - Level 6.2 Evocations


You had 10 spell levels left.
You didn't know any spells.
Your spell library contained the following spells:

 Spells                   Type           Power      Damage    Failure   Level
 Cigotuvi's Dreadful Rot  Necr/Pois/Air  0%         N/A       100%        2
 Poisonous Vapours        Pois/Air       0%         N/A       100%        2
 Scorch                   Fire           0%         2d5       100%        2
 Static Discharge         Conj/Air       0%         2-2/arc   100%        2
 Call Canine Familiar     Summ           0%         N/A       100%        3
 Summon Guardian Golem    Hex/Summ       0%         N/A       100%        3
 Vhi's Electric Charge    Tloc/Air       0%         N/A       100%        3
 Manifold Assault         Tloc           0%         N/A       100%        4
 Passage of Golubria      Tloc           0%         N/A       100%        4
 Arcjolt                  Conj/Air       0%         1d10      100%        5
 Freezing Cloud           Conj/Ice/Air   0%         6-21      100%        5
 Lightning Bolt           Conj/Air       0%         1d11      100%        5
 Silence                  Hex/Air        0%         N/A       100%        5
 Summon Forest            Summ/Tloc      0%         N/A       100%        5
 Dispersal                Tloc           0%         N/A       100%        6
 Starburst                Conj/Fire      0%         6d3       100%        6
 Lehudib's Crystal Spear  Conj/Erth      0%         10d2      100%        8
 Chain Lightning          Conj/Air       0%         N/A       100%        9


Dungeon Overview and Level Annotations

Branches:
Dungeon (1/1)

Altars:
Ashenzari
Cheibriados
Dithmenos
Elyvilon
Fedhas
Gozag
Hepliaklqana
Kikubaaqudgha
Makhleb
Nemelex Xobeh
Okawaru
Qazlal
Ru
Sif Muna
Trog
Uskayaw
Vehumet
Wu Jian
Xom
Yredelemnul
Zin
The Shining One
Beogh
Jiyva
Lugonu

Annotations:
D 1 transporter


Innate Abilities, Weirdness & Mutations

Your mind is acute. (Int +4, Str/Dex -1)
You do not regenerate when monsters are visible.


Message History

Qazlal accepts your kill.
The blast of magma engulfs the war gargoyle!
The war gargoyle partially resists.
The war gargoyle is moderately damaged.
The blast of ice hits the ancient champion!!
The ancient champion partially resists.
The ancient champion is moderately damaged.
The ancient champion is flash-frozen.
The blast of ice hits the ancient champion!!
The ancient champion partially resists.
The ancient champion is severely damaged.
The ancient champion is flash-frozen.
The blast of ice hits the war gargoyle!!!
The war gargoyle partially resists.
You destroy the war gargoyle!
Qazlal accepts your kill.
The blast of ice hits the ancient champion!!
The ancient champion partially resists.
The ancient champion is heavily damaged.
The ancient champion is flash-frozen.
The blast of ice hits the iron dragon!!
The iron dragon partially resists.
The iron dragon is moderately wounded.
The iron dragon is flash-frozen.
The blast of rubble hits the ancient champion but does no damage.
The ancient champion is severely damaged.
The cutting wind hits the iron dragon!!
The iron dragon is heavily wounded.
The war gargoyle launches metal splinters at you.
The spray of metal splinters hits you!!
You feel more protected from physical attacks.
* * * LOW HITPOINT WARNING * * *
The war gargoyle launches metal splinters at you.
The spray of metal splinters hits you but does no damage.
You feel more protected from physical attacks.
You block the quicksilver elemental's attack.
SHROANNG!
You block the war gargoyle's attack.
SHROANNG!
The war gargoyle hits you with a +0 morningstar.
You die...

▓▓▓▓▓▓▓▓▓▓▓▓
▓...8©8.§.▓...8©8...▓.
▓..)|§§§§§▓..}.|)[..▓.
▓§§§§§§§§.▓...)|[)..▓.
▓§§§§§§§§§▓.........▓.
▓§☼§§§§§§§▓...)†....▓.
▓≈§z§z§§§§▓...)))...▓.
▓§§91z9D≈§▓...)))...▓.
▓..▓E@9▓..▓.........▓.
▓.▓.°.°.▓.▓.▓.....▓.▓.
▓§§..©°...▓....©....▓▓
▓▓▓▓▓▓▓▓▓▓▓▓▓▓▓▓▓▓▓▓▓


You could see a Hell Sentinel, an iron dragon (frozen), a quicksilver elemental,
3 ancient champions and 3 war gargoyles.

Vanquished Creatures
  A war gargoyle (D)
  An orc warlord (D)
  Erolcha (D)
  Erica (D)
  A thrashing horror (D)
  An orc knight (D)
  An orc sorcerer (D)
  A shining eye (D)
  A tormentor (D)
  A large abomination (D)
  Sigmund (D)
  A slime creature (D)
  4 golden eyes (D)
  A warg (D)
  Edmund (D)
  3 floating eyes (D)
  A hell hound (D)
  Duvessa (D)
  An ogre (D)
  3 orc warriors (D)
  2 phantoms (D)
  Blork the orc (D)
  A necrophage (D)
  A wight (D)
  Dowan (D)
  A small abomination (D)
  2 crimson imps (D)
  2 quasits (D)
  5 jellies (D)
  Crazy Yiuf (D)
  2 iron imps (D)
  Jessica (D)
  3 orc wizards (D)
  5 shadow imps (D)
  A white imp (D)
  3 ufetubi (D)
  An orc (D)
  A bat zombie (D)
  3 endoplasms (D)
  A ball python zombie (D)
  A quokka skeleton (D)
66 creatures vanquished.

Notes
Turn   | Place    | Note
-------+----------+-------------------------------------------
     0 | D        | Hubris850 the Hill Orc Fighter began the quest for the Orb.
     0 | D        | Reached XP level 1. HP: 19/19 MP: 1/1
   115 | D        | Found a blossoming altar of Fedhas.
   115 | D        | Found the +6 Majin-Bo {spellvamp, MP+6 Int+6}
   115 | D        | Found the +27 heavy crossbow "Sniper" {heavy, Acc+∞ SInv}
   115 | D        | Found the +10 dark maul {heavy}
   115 | D        | Found the +15 Maxwell's patent armour {-Cast -Tele rElec
                  | Will+ rCorr}
   115 | D        | Found the +18 shield of the Gong {Loud rN+ Will+ rCorr
                  | EV-5}
   115 | D        | Found the +16 obsidian axe {drain, demonic, Mesm Drain Fly
                  | SInv}
   115 | D        | Found the +7 great mace "Firestarter" {flame, inner flame,
                  | rFlCloud rF++}
   115 | D        | Found the +6 shillelagh "Devastator" {shatter}
   115 | D        | Found the +11 plutonium sword {Contam Stlth-}
   115 | D        | Found the +8 lance "Wyrmbane" {slay drac, rPois rF+ rC+
                  | AC+3}
   115 | D        | Found the +9 sword of Zonguldrok {reap}
   115 | D        | Found the +13 scythe of Curses {drain, curses, Drain}
   115 | D        | Found the +9 sword of Power {lifebolt}
   115 | D        | Found the +7 mace of Variability {chaos, chain chaos}
   115 | D        | Found the +11 Singing Sword {sonic wave}
   115 | D        | Found the +8 storm bow {elec, penet}
   117 | D        | Found a viscous altar of Jiyva.
   117 | D        | Found a hazy altar of Hepliaklqana.
   117 | D        | Found a transporter.
   117 | D        | Found an opulent altar of Gozag.
   117 | D        | Found an ancient bone altar of Kikubaaqudgha.
   117 | D        | Found a corrupted altar of Lugonu.
   126 | D        | Found a burning altar of Makhleb.
   127 | D        | Found a stormy altar of Qazlal.
   127 | D        | Found an iron altar of Okawaru.
   127 | D        | Found a sacrificial altar of Ru.
   127 | D        | Found a sparkling altar of Nemelex Xobeh.
   127 | D        | Found a shimmering blue altar of Sif Muna.
   127 | D        | Found a bloodstained altar of Trog.
   170 | D        | Became a worshipper of Qazlal Stormbringer
   178 | D        | Entered arena 2.
   178 | D        | Noticed an orc wizard
   178 | D        | Found a transporter.
   180 | D        | Killed an orc wizard
   181 | D        | Reached skill level 3 in Invocations
   181 | D        | Reached XP level 2. HP: 26/26 MP: 1/4
   181 | D        | Reached XP level 3. HP: 31/31 MP: 1/5
   233 | D        | Reached skill level 7 in Invocations
   233 | D        | Reached XP level 4. HP: 39/39 MP: 5/9
   269 | D        | Entered arena 3.
   269 | D        | Noticed a golden eye
   269 | D        | Noticed a floating eye
   269 | D        | Noticed a slime creature
   269 | D        | Found a transporter.
   274 | D        | Killed a floating eye
   274 | D        | Reached * piety under Qazlal
   275 | D        | Reached skill level 8 in Invocations
   275 | D        | Reached XP level 5. HP: 45/45 MP: 9/11
   284 | D        | Killed a golden eye
   285 | D        | Reached skill level 9 in Invocations
   285 | D        | Reached XP level 6. HP: 35/51 MP: 10/13
   288 | D        | Killed a slime creature
   289 | D        | Reached skill level 10 in Axes
   289 | D        | Reached skill level 10 in Invocations
   289 | D        | Reached XP level 7. HP: 41/57 MP: 11/14
   336 | D        | Entered arena 4.
   336 | D        | Found a transporter.
   343 | D        | Reached ** piety under Qazlal
   346 | D        | Reached skill level 1 in Evocations
   358 | D        | Entered arena 5.
   358 | D        | Found a transporter.
   365 | D        | Reached *** piety under Qazlal
   372 | D        | Got the Anthology of the Aerial Map
   374 | D        | Got the ring "Relaseit" {Str+3 Dex+4 SInv Stlth-}
   381 | D        | Entered arena 6.
   381 | D        | Found a transporter.
   383 | D        | Reached **** piety under Qazlal
   404 | D        | Got the Atlas of Conduction
   407 | D        | Entered arena 7.
   407 | D        | Noticed a golden eye
   408 | D        | Found a transporter.
   411 | D        | Reached ***** piety under Qazlal
   411 | D        | Killed a golden eye
   412 | D        | Reached skill level 10 in Armour
   412 | D        | Reached skill level 10 in Shields
   412 | D        | Reached skill level 11 in Invocations
   412 | D        | Reached XP level 8. HP: 64/64 MP: 16/16
   412 | D        | Paralysed by a floating eye for 4 turns
   432 | D        | Entered arena 8.
   433 | D        | Found a transporter.
   455 | D        | Reached ****** piety under Qazlal
   463 | D        | Got the Teachings on the Band
   475 | D        | Entered arena 9.
   475 | D        | Noticed a thrashing horror
   475 | D        | Noticed a large abomination
   477 | D        | Found a transporter.
   485 | D        | Reached skill level 12 in Invocations
   490 | D        | Killed a large abomination
   491 | D        | Reached skill level 5 in Evocations
   502 | D        | Killed a thrashing horror
   503 | D        | Reached XP level 9. HP: 68/70 MP: 9/18
   559 | D        | Entered arena 10.
   559 | D        | Noticed a shining eye
   563 | D        | Reached skill level 13 in Invocations
   564 | D        | Found a transporter.
   565 | D        | Gained mutation: You are vulnerable to heat. (rF-) [a
                  | shining eye]
   566 | D        | Killed a shining eye
   568 | D        | Reached skill level 14 in Invocations
   692 | D        | Entered arena 11.
   692 | D        | Noticed Sigmund
   692 | D        | Noticed Jessica
   692 | D        | Noticed Blork the orc
   692 | D        | Noticed Crazy Yiuf
   692 | D        | Noticed Dowan
   692 | D        | Noticed Duvessa
   692 | D        | Noticed Edmund
   692 | D        | Noticed Erica
   692 | D        | Noticed Erolcha
   694 | D        | Found a transporter.
   694 | D        | Killed Dowan
   694 | D        | Killed Crazy Yiuf
   694 | D        | Killed Jessica
   694 | D        | Killed Sigmund
   696 | D        | Killed Blork the orc
   697 | D        | Reached XP level 10. HP: 72/77 MP: 20/20
   697 | D        | Killed Duvessa
   698 | D        | Killed Erica
   699 | D        | Reached skill level 15 in Axes
   699 | D        | Reached skill level 15 in Invocations
   699 | D        | Killed Edmund
   701 | D        | Killed Erolcha
   831 | D        | Got the +2 hat of the Monkey {Harm Str-2 Dex+2}
   845 | D        | Entered arena 12.
   845 | D        | Noticed an orc knight
   845 | D        | Noticed an orc warlord
   846 | D        | Noticed an orc sorcerer
   847 | D        | Found a transporter.
   849 | D        | Reached skill level 16 in Invocations
   850 | D        | Killed an orc knight
   851 | D        | Reached skill level 5 in Fighting
   856 | D        | Noticed a sun demon
   856 | D        | Gained mutation: Armour fits poorly on your strangely
                  | shaped body. [a neqoxec]
   857 | D        | Killed an orc sorcerer
   859 | D        | Killed an orc warlord
   860 | D        | Reached skill level 17 in Invocations
   860 | D        | Reached XP level 11. HP: 64/92 MP: 19/23
   877 | D        | Lost mutation: You are vulnerable to heat. (rF-) [potion of
                  | mutation]
   877 | D        | Lost mutation: Armour fits poorly on your strangely shaped
                  | body. [potion of mutation]
   877 | D        | Gained mutation: You do not regenerate when monsters are
                  | visible. [potion of mutation]
   877 | D        | Gained mutation: Your mind is acute. (Int +4, Str/Dex -1)
                  | [potion of mutation]
   889 | D        | Got the Almanac of Red-Hot Gusts
   943 | D        | Entered arena 13.
   943 | D        | Noticed a Hell Sentinel
   943 | D        | Noticed a quicksilver elemental
   943 | D        | Noticed an ancient champion
   943 | D        | Noticed a war gargoyle
   943 | D        | Noticed an iron dragon
   943 | D        | Noticed a war gargoyle
   943 | D        | Noticed an ancient champion
   943 | D        | Noticed a war gargoyle
   944 | D        | Noticed a war gargoyle
   944 | D        | Noticed an ancient champion
   946 | D        | Found a transporter.
   948 | D        | Killed a war gargoyle
   948 | D        | Slain by a war gargoyle

Illustrated notes

Levels and vault maps discovered:
D:        sprint_v [room_start, room_1, room_2, room_3, room_4, room_5, room_6,
          room_7, room_8, room_9, room_10, room_11, room_12, room_13, room_14,
          room_15, room_16, room_17, room_18, room_19, room_20, room_21,
          room_22, room_23, room_24, room_25, room_26, room_27]

Skill      XL: |  1  2  3  4  5  6  7  8  9 10 |
---------------+-------------------------------+-----
Axes           | 4 7 8 9 10 11 13 14 16 | 16.0
Armour         | 4 7 8 9 10 11 12 13 | 13.4
Shields        | 4 7 8 9 10 11 12 13 | 13.8
Invocations    | 3 7 8 9 10 11 12 14 17 | 17.3
Evocations     | 3 6 |  6.2
Fighting       | 7 |  7.8

Action                     |  1- 3 |  4- 6 |  7- 9 | 10-12 || total
---------------------------+-------+-------+-------+-------++-------
  Melee: War axe           |     3 |     9 |    81 |    25 ||   118
 Invoke: Upheaval          |       |       |     1 |     1 ||     2
         Disaster Area     |       |       |     1 |     1 ||     2
  Evoke: Lightning rod     |     2 |       |       |       ||     2
         Condenser vane    |       |       |     2 |     1 ||     3
    Use: Potion            |     1 |     2 |     2 |     1 ||     6
         Scroll            |       |       |       |     3 ||     3
 Armour: Gold dragon scale |     1 |     6 |    37 |     5 ||    49
  Dodge: Dodged            |       |       |     3 |       ||     3
  Block: Kite shield       |     2 |    10 |   157 |    31 ||   200

Table legend: (Time is in decaauts)
 A = Elapsed time spent in this place.
 B = Non-inter-level travel time spent in this place.
 C = Inter-level travel time spent in this place.
 D = Time resting spent in this place.
 E = Time spent auto-exploring this place.
 F = Levels seen in this place.
 G = Mean time per level.
                   A        B        C        D        E       F      G
               +--------+--------+--------+--------+--------+-----+--------+
         Total |    957 |    957 |      0 |    502 |      0 |   1 |  957.0 |
       Dungeon |    957 |    957 |      0 |    502 |      0 |   1 |  957.0 |
               +--------+--------+--------+--------+--------+-----+--------+

Top non-repeatable levels by time:
       D: 957 daAuts
